 Dungeon Crawl Stone Soup version 0.23-a0-405-g368ce007a8 (webtiles) character file.

9 Azzok the Firebug (level 2, 15/19 HPs)
             Began as a Demonspawn Fire Elementalist on Nov 6, 2018.
             Quit the game on level 1 of the Dungeon.
             The game lasted 00:00:35 (320 turns).

Azzok the Firebug (Demonspawn Fire Elementalist)     Turns: 320, Time: 00:00:36

Health: 15/19      AC:  2    Str:  8    XL:     2   Next: 6%
Magic:  5/5        EV: 12    Int: 16    God:
Gold:   10         SH:  0    Dex: 13    Spells: 4/5 levels left

rFire    . . .     SeeInvis .   b - +0 short sword
rCold    . . .     Gourm    .   (no shield)
rNeg     . . .     Faith    .   a - +0 robe
rPois    .         Spirit   .   (no helmet)
rElec    .         Reflect  .   (no cloak)
rCorr    .         Harm     .   (no gloves)
MR       .....                  (no boots)
Stlth    ++........             (no amulet)
HPRegen  0.06/turn              (no ring)
MPRegen  0.09/turn              (no ring)

@: no status effects
A: claws 1
a: no special abilities


You were on level 1 of the Dungeon.
You were not hungry.

You visited 1 branch of the dungeon, and saw 1 of its levels.

You collected 10 gold pieces.

Inventory:

Hand Weapons
 b - a +0 short sword (weapon)
Armour
 a - a +0 robe (worn)
Comestibles
 c - a ration


   Skills:
 - Level 1.7 Dodging
 - Level 1.7 Stealth
 - Level 2.0 Spellcasting
 + Level 1.6 Conjurations
 + Level 3.0 Fire Magic


You had 4 spell levels left.
You knew the following spells:

 Your Spells              Type           Power        Failure   Level  Hunger
a - Flame Tongue          Conj/Fire      #....        8%          1    #......

Your spell library contained the following spells:

 Spells                   Type           Power        Failure   Level  Hunger
 Throw Flame              Conj/Fire      #.....       12%         2    ###....
 Conjure Flame            Conj/Fire      #.......     24%         3    ###....
 Inner Flame              Hex/Fire       #.......     32%         3    ###....
 Sticky Flame             Conj/Fire      #.......     61%         4    #####..
 Fireball                 Conj/Fire      #.........   91%         5    ######.


Dungeon Overview and Level Annotations

Branches:
Dungeon (1/15)

Altars:
Beogh


Innate Abilities, Weirdness & Mutations

You have sharp fingernails.


Message History

Aiming: Flame Tongue (safe; 9% risk of failure)
Press: ? - help, Shift-Dir - straight line, f - dart slug
Aim: a dart slug (clinging)
The flame tongue hits the dart slug.
The dart slug is severely wounded.
The dart slug bites you.
You hit the dart slug.
The dart slug is almost dead.
The dart slug launches a dart at you. The slug dart hits you!
You hit the dart slug but do no damage.
The dart slug is almost dead.
You hit the dart slug.
You kill the dart slug!
Your Fire Magic skill increases to level 3!
You have reached level 2!
You feel monstrous as your demonic heritage exerts itself.
Your demonic ancestry asserts itself...
Your fingernails lengthen.
Are you sure you want to abandon this character and quit the game? (Confirm

▒··▒··▒···▒··▒▒····▒▒▒▒▒▒▒▒···▒··
·▒···▒··▒▒···▒····▒▒ ···▒···▒··
·▒··▒······▒·····▒▒▒▒▒o···▒···▒··
·▒▒······▒▒····)·8·▒$▒o_· ▒······
▒·▒)·▒▒············'·▒ ▒···▒··
·▒···▒··▒▒†▒▒······'·▒ ▒···▒··
▒··▒···▒·········8·▒$▒g8··▒···▒··
·▒·······▒······†▒▒▒ ▒·o··▒···▒··
···▒▒···▒▒▒···▒▒@·▒▒ ···▒···▒··
·▒▒····▒····▒···▒··▒▒▒▒▒▒▒▒···▒··
▒···▒▒·····▒▒·················▒··
▒▒▒▒▒▒▒▒▒▒▒▒▒▒▒▒▒▒▒▒▒▒▒▒▒▒▒▒▒▒▒··


There were no monsters in sight!

Vanquished Creatures
  A dart slug (D:1)
  A giant cockroach (D:1)
  2 goblins (D:1)
  A frilled lizard (D:1)
  2 kobolds (D:1)
  A rat (D:1)
8 creatures vanquished.

Notes
Turn   | Place    | Note
-------+----------+-------------------------------------------
     0 | D:1      | Azzok the Demonspawn Fire Elementalist began the quest for
                  | the Orb.
     0 | D:1      | Reached XP level 1. HP: 13/13 MP: 3/3
   258 | D:1      | Found a roughly hewn altar of Beogh.
   258 | D:1      | Noticed an orc priest
   258 | D:1      | Noticed an orc wizard
   258 | D:1      | Noticed an orc warrior
   269 | D:1      | Reached skill level 3 in Fire Magic
   269 | D:1      | Gained mutation: You have sharp fingernails. [demonic
                  | ancestry]
   269 | D:1      | Reached XP level 2. HP: 12/19 MP: 0/5
   320 | D:1      | Quit the game

Vault maps used:
D:1:      erik_arrival_cave_to_civilisation, st_stairs_3

Skill      XL: |  1 |
---------------+----+-----
Fire Magic     | 3 |  3.0
Dodging        | |  1.7
Stealth        | |  1.7
Spellcasting   | |  2.0
Conjurations   | |  1.6

Action                   || total
-------------------------++-------
Melee: Unarmed           ||    11
       Short sword       ||     3
 Cast: Flame Tongue      ||    12
Armor: Robe              ||     1
Dodge: Dodged            ||    12

Table legend:
 A = Non-vault XP
 B = Vault XP
 C = Vault XP percentage of total XP
 D = Non-vault monster count
 E = Vault monster count
 F = Vault count percentage of total count
                 A         B        C        D         E       F
            +---------+---------+-------+---------+---------+-------
      Total |       8 |       6 |  42.9 |       6 |       2 |  25.0
            +---------+---------+-------+---------+---------+-------
        D:1 |       8 |       6 |  42.9 |       6 |       2 |  25.0
            +---------+---------+-------+---------+---------+-------
